Map: Thunderbird LE

Players

IIIIIIIII

  • Race: Terran Terran
  • League: Master
  • Spawn Location: 5:00

Mez - Winner!

  • Race: Terran Terran
  • League: Master
  • Spawn Location: 11:00

VOD

Have the link to the VOD?

Description

Time

  • Played on: July 30, 2019, 11:44 a.m.
  • Length: 5:02
Show
View Real Time Build Order
Export as new Build Order

IIIIIIIII Terran 

Build Orders: 1/1/1, Banshee Rush 

Get SALT Encoding   

  12  0:00  SCV  
  13  0:13  SCV  
  14  0:16  Supply Depot  
  14  0:25  SCV  
  14  0:28  Refinery  
  15  0:38  SCV  
  16  0:48  Barracks  
  16  0:51  SCV  
  16  0:56  Refinery  
  17  1:03  SCV  
  18  1:16  SCV  
  19  1:35  Reaper, Orbital Command  
  20  1:40  Factory  
  20  1:53  Supply Depot  
  20  2:00  Bunker  
  20  2:08  Barracks Reactor  
  20  2:10  SCV  
  20  2:23  Factory Tech Lab  
  20  2:25  Starport  
  20  2:28  SCV  
  21  2:43  Siege Tank  
  24  2:44  Marine x2  
  26  2:55  Supply Depot  
  26  3:01  Starport Tech Lab  
  26  3:02  Marine x2  
  28  3:20  Marine x2  
  28  3:21  Banshee  
  28  3:22  Cloaking Field  
  33  3:35  Siege Tank  
  36  4:04  Banshee  
  30  4:20  Siege Tank, Marine x2  
  30  4:44  Marine x2  
  32  4:48  SCV  
  32  4:52  Supply Depot  
Show
View Real Time Build Order
Export as new Build Order

Mez Terran - Winner!

Build Orders: Reaper Expand 

Get SALT Encoding   

  12  0:00  SCV  
  13  0:12  SCV  
  14  0:17  Supply Depot  
  14  0:25  SCV  
  15  0:38  SCV  
  15  0:40  Barracks  
  16  0:46  Refinery  
  16  0:50  SCV  
  17  1:02  SCV  
  18  1:15  SCV  
  19  1:27  Orbital Command  
  19  1:29  Reaper  
  20  1:40  Command Center  
  20  1:52  Barracks  
  20  1:56  SCV  
  21  2:03  Barracks Reactor  
  21  2:06  Barracks  
  21  2:13  SCV  
  22  2:20  Supply Depot  
  22  2:26  SCV  
  23  2:39  SCV  
  23  2:47  Marine x2  
  23  2:48  Barracks Tech Lab  
  25  2:56  SCV  
  26  2:59  Marine  
  26  3:04  Marine x2  
  29  3:08  Orbital Command  
  29  3:10  Marauder  
  29  3:11  Concussive Shells  
  29  3:12  SCV  
  32  3:20  Marine  
  32  3:22  Supply Depot  
  32  3:24  SCV  
  34  3:27  Marine x2  
  34  3:32  Marauder  
  38  3:34  SCV  
  38  3:36  SCV  
  40  3:46  SCV  
  40  3:48  SCV, Supply Depot  
  42  3:58  SCV  
  42  3:59  Marine  
  42  4:00  Marine x2  
  42  4:01  SCV  
  47  4:07  Engineering Bay  
  46  4:10  SCV  
  46  4:13  SCV  
  44  4:21  Marine x4  
  44  4:22  SCV  
  49  4:25  SCV  
  49  4:26  Factory, Supply Depot  
  49  4:27  Refinery  
  49  4:28  Refinery  
  50  4:35  SCV  
  50  4:37  SCV  
  52  4:39  Missile Turret, Marine x2  
  52  4:43  Missile Turret, Marine x2  
  56  4:50  SCV x2  
Tags
 
Add a new tag
Caveats
  • Supply blocks, unpowered buildings, or Contaminate may cause inaccurate times.
  • Supply counts are checked every 10 seconds.